[Event "Titled Tuesday Blitz May 23 Late 2023"]
[White "Hamitevici, Vladimir"]
[Black "merinasian"]
[WhiteFideId "13902393"]
[WhiteElo "2401"]
[BlackElo "2468"]
[Result "1-0"]
[Round "02"]
[TimeControl "180+2"]
[Date "2023.05.23"]
[WhiteClock "0:00:03"]
[BlackClock "0:00:14"]

1. c4 Nf6 2. Nc3 g6 3. e4 d6 4. d4 Bg7 5. Nge2 O-O 6. Ng3 e5 7. d5 c6 8. Be2 cxd5 9. cxd5 a6 10. h4 h5 11. Bg5 Qb6 12. Qd2 Nbd7 13. O-O Qd4 14. Qc1 Nc5 15. Be3 Qb4 16. a3 Qb3 17. Bd1 Qc4 18. Qc2 Qd3 19. b4 Qxc2 20. Bxc2 Ncd7 21. f3 Ne8 22. Rfc1 Kh7 23. a4 Bh6 24. Bxh6 Kxh6 25. a5 Ng7 26. Ba4 f5 27. Nce2 fxe4 28. fxe4 Nf6 29. Rc7 Bg4 30. Bd1 Rab8 31. Rac1 Nge8 32. Re7 Ng8 33. Re6 Bxe6 34. dxe6 Ng7 35. Bb3 Rfc8 36. Rd1 Rd8 37. Nc3 Ne7 38. Nd5 Nxd5 39. exd5 Nf5 40. Ne4 Nd4 41. Ba4 Rbc8 42. e7 Re8 43. Nxd6 Rxe7 44. Nxc8 Re8 45. Bxe8 1-0


[Site "https://www.chess.com"]

[Event "Titled Tuesday Blitz May 23 Late 2023"]
[White "Senft, Sean"]
[Black "Martinez Ramirez, Lennis"]
[WhiteFideId "2044960"]
[BlackFideId "3509079"]
[WhiteElo "1989"]
[BlackElo "2410"]
[Result "0-1"]
[Round "02"]
[TimeControl "180+2"]
[Date "2023.05.23"]
[WhiteClock "0:00:00"]
[BlackClock "0:00:47"]

1. d4 Nf6 2. c4 e6 3. Nc3 Bb4 4. Nf3 O-O 5. Bg5 h6 6. Bh4 g5 7. Nxg5 hxg5 8. Bxg5 Be7 9. e4 Nh7 10. Bh6 Kh8 11. Bxf8 Qxf8 12. Bd3 Nc6 13. e5 Qh6 14. h4 d6 15. exd6 cxd6 16. d5 Ne5 17. Bxh7 Kxh7 18. Qe2 Bd7 19. g3 Rc8 20. b3 Qg7 21. Rc1 exd5 22. Nxd5 Bg4 23. Qe4+ f5 24. Qe3 Bf3 25. Rh2 Bxd5 26. Rd1 Nf3+ 27. Ke2 Nxh2 28. Rxd5 Ng4 29. Qe6 Rf8 30. Rxf5 Rxf5 31. Qxf5+ Qg6 32. Qd7 Qe4+ 33. Kf1 Nf6 34. Qc8 a6 35. Kg1 Qb1+ 36. Kg2 Qe4+ 37. f3 Qe2+ 38. Kh3 Qxf3 0-1


[Site "https://www.chess.com"]

[Event "Titled Tuesday Blitz May 23 Late 2023"]
[White "Balla, Tamas-Kristof"]
[Black "Klekowski, Maciej"]
[WhiteFideId "1208497"]
[BlackFideId "1132717"]
[WhiteElo "2334"]
[BlackElo "2540"]
[Result "1/2-1/2"]
[Round "02"]
[TimeControl "180+2"]
[Date "2023.05.23"]
[WhiteClock "0:00:20"]
[BlackClock "0:00:02"]

1. d4 Nf6 2. c4 e6 3. Nc3 Bb4 4. Qc2 O-O 5. a3 Bxc3+ 6. Qxc3 b6 7. Bg5 h6 8. Bh4 Bb7 9. e3 d6 10. Qc2 Nbd7 11. Ne2 c5 12. Rd1 Qc7 13. Bg3 Ne4 14. Nc3 Nxg3 15. hxg3 cxd4 16. Rxd4 a6 17. Qd1 Nf6 18. Rxd6 Rfd8 19. Rd2 Rxd2 20. Qxd2 Rd8 21. Qc2 b5 22. Rh4 e5 23. cxb5 axb5 24. Rb4 h5 25. Qb3 Qd6 26. Qd1 Qe7 27. Qb3 Qd7 28. Qd1 Qc8 29. Qb3 Qf5 30. Rxb5 Ne4 31. f3 Nxc3 32. bxc3 Qg5 33. Rxb7 Qxe3+ 34. Be2 Kh8 35. Qxf7 Qxc3+ 36. Kf1 Qc1+ 37. Kf2 Qc5+ 38. Kf1 Qc1+ 39. Kf2 Qc5+ 40. Kf1 Qc1+ 1/2-1/2


[Site "https://www.chess.com"]

[Event "Titled Tuesday Blitz May 23 Late 2023"]
[White "Kisic, Bozidar"]
[Black "Morefield, Jason"]
[WhiteFideId "16500350"]
[BlackFideId "30920825"]
[WhiteElo "2234"]
[BlackElo "2171"]
[Result "1-0"]
[Round "02"]
[TimeControl "180+2"]
[Date "2023.05.23"]
[WhiteClock "0:00:09"]
[BlackClock "0:00:07"]

1. d4 Nf6 2. Bg5 c5 3. d5 b5 4. a4 b4 5. f3 d6 6. e4 Nbd7 7. Nd2 g6 8. Nc4 Bg7 9. Qd2 h6 10. Be3 a5 11. Nh3 Nb6 12. Nxb6 Qxb6 13. Nf2 Ba6 14. Be2 Nd7 15. Rb1 Bxe2 16. Qxe2 O-O 17. Qd2 Kh7 18. Ng4 h5 19. Nf2 Ne5 20. Qe2 Qa6 21. b3 Qxe2+ 22. Kxe2 Rfc8 23. f4 Nd7 24. h4 c4 25. Rhc1 Rc7 26. g4 hxg4 27. Nxg4 f5 28. Nf2 Nf6 29. Bd4 fxe4 30. Bxf6 exf6 31. Nxe4 Re8 32. Kf3 cxb3 33. cxb3 Rce7 34. Re1 Kg8 35. Re2 f5 36. Ng3 Rxe2 37. Nxe2 Rc8 38. Rc1 Rc5 39. Rxc5 dxc5 40. Nc1 Kf7 41. Ke2 Bf6 42. Kd3 Bxh4 43. Kc4 Ke7 44. Nd3 Bg3 45. Kxc5 Kd7 46. Kb5 Kd6 47. Kxa5 Kxd5 48. Kxb4 Kd4 49. Ne5 Bxf4 50. Nxg6 Bd6+ 51. Kb5 f4 52. Nh4 Ke4 53. a5 Be7 54. a6 Bxh4 55. a7 f3 56. a8=Q+ Ke3 57. Qe8+ Kd2 58. Qd7+ Ke2 59. Qe6+ Kf1 60. Qh3+ Kg1 61. Qxh4 f2 62. Qxf2+ Kh1 63. Qe2 1-0


[Site "https://www.chess.com"]

[Event "Titled Tuesday Blitz May 23 Late 2023"]
[White "Goltsev, Dmitry"]
[Black "Buchenau, Frank"]
[WhiteFideId "24176710"]
[BlackFideId "4604350"]
[WhiteElo "2356"]
[BlackElo "2157"]
[Result "1-0"]
[Round "02"]
[TimeControl "180+2"]
[Date "2023.05.23"]
[WhiteClock "0:01:21"]
[BlackClock "0:00:39"]

1. e4 e6 2. d4 d5 3. exd5 exd5 4. Nf3 Bf5 5. c4 Bxb1 6. Rxb1 Bb4+ 7. Bd2 Bxd2+ 8. Qxd2 Nf6 9. Bd3 dxc4 10. Bxc4 Qe7+ 11. Ne5 O-O 12. O-O Nbd7 13. Rfe1 Qd6 14. Qc3 Nb6 15. Bb3 Nbd5 16. Qg3 Ne7 17. Nxf7 Qxg3 18. hxg3 Ned5 19. Ng5 Rfe8 20. Re5 c6 21. Rbe1 Red8 22. Ne6 Rd7 23. Nc5 Rf7 24. f3 b6 25. Nd3 Kf8 26. g4 Rd8 27. Re6 Ne7 28. Ne5 1-0


[Site "https://www.chess.com"]

[Event "Titled Tuesday Blitz May 23 Late 2023"]
[White "Sun, Rick"]
[Black "Mujumdar, Sameer"]
[WhiteFideId "30909481"]
[BlackFideId "2029707"]
[WhiteElo "2169"]
[BlackElo "2104"]
[Result "1/2-1/2"]
[Round "02"]
[TimeControl "180+2"]
[Date "2023.05.23"]
[WhiteClock "0:00:05"]
[BlackClock "0:00:10"]

1. d4 Nf6 2. Nc3 e6 3. e4 d5 4. exd5 exd5 5. Bg5 Be7 6. Bd3 O-O 7. Nge2 c6 8. Qd2 Bg4 9. f3 Bh5 10. g4 Bg6 11. h4 Bxd3 12. Qxd3 b5 13. Ng3 Re8 14. Nce2 Nbd7 15. Nf5 Bb4+ 16. c3 Bf8 17. Kf2 a5 18. Neg3 a4 19. Rae1 Qc7 20. Qd2 Rxe1 21. Rxe1 Re8 22. Bf4 Qd8 23. g5 Rxe1 24. Qxe1 Ne8 25. Qe2 Nb6 26. Nf1 Nc4 27. N1e3 g6 28. Nxc4 bxc4 29. Ne3 Bd6 30. Bxd6 Qxd6 31. Ng4 Qe6 32. Qxe6 fxe6 33. Ne5 Nd6 34. Nxc6 a3 35. bxa3 Nb5 36. a4 Nxc3 37. a5 Nb5 38. a6 Kf7 39. a4 Nc7 40. a7 Ke8 41. a5 Kd7 42. Nb8+ Kd6 43. Na6 Na8 44. f4 Kc6 45. Nc5 Kb5 46. Nxe6 Kb4 47. f5 gxf5 48. h5 c3 49. Nc5 Kc4 50. g6 c2 51. gxh7 c1=Q 52. h8=Q Qf4+ 53. Kg2 Qg4+ 54. Kh2 Qf4+ 55. Kh3 Qf3+ 56. Kh2 Qf2+ 57. Kh3 Qf3+ 58. Kh2 Qf2+ 59. Kh1 Qf1+ 60. Kh2 Qf2+ 1/2-1/2


[Site "https://www.chess.com"]

[Event "Titled Tuesday Blitz May 23 Late 2023"]
[White "Van Dael, Siem"]
[Black "Alex_Sahakyan2006"]
[WhiteFideId "1049771"]
[WhiteElo "2336"]
[BlackElo "2698"]
[Result "1-0"]
[Round "02"]
[TimeControl "180+2"]
[Date "2023.05.23"]
[WhiteClock "0:00:05"]
[BlackClock "0:00:21"]

1. e4 e6 2. d4 d5 3. Nd2 Nc6 4. Ngf3 Nf6 5. e5 Nd7 6. Nb3 a5 7. a4 f6 8. Bb5 fxe5 9. dxe5 Bb4+ 10. c3 Be7 11. O-O O-O 12. Re1 Nc5 13. Nxc5 Bxc5 14. Be3 Bxe3 15. Rxe3 Ne7 16. Bd3 c5 17. Bxh7+ Kxh7 18. Ng5+ Kg8 19. Qh5 Rf5 20. Rh3 Kf8 21. Nh7+ Kg8 22. Nf6+ Rxf6 23. exf6 Ng6 24. Qxg6 Qxf6 25. Qe8+ Qf8 26. Rh8+ Kxh8 27. Qxf8+ Kh7 28. Re1 e5 29. Rxe5 Kg6 30. Qe8+ Kf6 31. Qe7+ Kg6 32. Rg5+ 1-0


[Site "https://www.chess.com"]

[Event "Titled Tuesday Blitz May 23 Late 2023"]
[White "Gritsenko, Nikolai"]
[Black "Bouget, Alexandre"]
[WhiteFideId "14112493"]
[BlackFideId "681318"]
[WhiteElo "2389"]
[BlackElo "2189"]
[Result "1-0"]
[Round "02"]
[TimeControl "180+2"]
[Date "2023.05.23"]
[WhiteClock "0:00:15"]
[BlackClock "0:00:00"]

1. b3 e5 2. Bb2 Nc6 3. c4 d6 4. e3 g6 5. Nf3 Bg7 6. d4 Nf6 7. dxe5 Ng4 8. Be2 Ngxe5 9. Nxe5 Nxe5 10. Nc3 O-O 11. O-O a5 12. Qd2 Bd7 13. a4 Bc6 14. Nd5 f5 15. Rfd1 Nd7 16. Bxg7 Kxg7 17. Qd4+ Kg8 18. Rac1 Nc5 19. Rc3 Rf7 20. Bf3 Qf8 21. h4 Re8 22. g3 Qg7 23. Qxg7+ Kxg7 24. Kg2 Ne4 25. Bxe4 fxe4 26. c5 dxc5 27. Rxc5 Rf5 28. Rd4 Ree5 29. Rxc6 bxc6 30. Nf4 Re7 31. b4 axb4 32. Rxb4 Ra5 33. Rc4 Ra6 34. g4 Re5 35. Kg3 h6 36. Ne2 g5 37. hxg5 hxg5 38. Nd4 c5 39. Nb3 Kf7 40. Nd2 Rae6 41. a5 Ke7 42. a6 Rxa6 43. Nxe4 Rae6 44. f3 Kd7 45. Kf2 Kc6 46. Ke2 Kb5 47. Rc1 c4 48. Rb1+ Kc6 49. Kd2 Rb5 50. Rc1 Rb2+ 51. Kc3 Rb3+ 52. Kd4 Rd3+ 53. Kxc4 Rd8 54. Kb4+ Kd7 55. Nc5+ Ke7 56. Nxe6 Kxe6 57. Rxc7 Rd3 58. Rc3 Rd2 59. Kc4 Ke5 60. Rb3 Rf2 61. Rb5+ Kf6 62. Rf5+ Ke6 63. Kd3 Rf1 64. Ke4 Ra1 65. Rxg5 Ra4+ 66. Kd3 Ra3+ 67. Ke2 Ra2+ 68. Kf1 Ra3 69. Kf2 Ra2+ 70. Kg3 Ra3 71. Kf4 Ra4+ 72. e4 Ra3 73. Rg6+ Kf7 74. Rb6 Rc3 75. g5 Rd3 76. Kg4 Rc3 77. e5 Rc4+ 78. f4 Rd4 79. Kf5 Rxf4+ 80. Kxf4 1-0


[Site "https://www.chess.com"]

[Event "Titled Tuesday Blitz May 23 Late 2023"]
[White "reevecanada"]
[Black "Najer, Evgeniy"]
[BlackFideId "4118987"]
[WhiteElo "2427"]
[BlackElo "2545"]
[Result "0-1"]
[Round "02"]
[TimeControl "180+2"]
[Date "2023.05.23"]
[WhiteClock "0:00:00"]
[BlackClock "0:00:08"]

1. e4 c6 2. c4 d5 3. cxd5 cxd5 4. exd5 Nf6 5. Nc3 Nxd5 6. Nf3 Nc6 7. Bb5 e6 8. O-O Be7 9. Qa4 O-O 10. Bxc6 bxc6 11. Qxc6 Bd7 12. Qc4 Rc8 13. Qe2 Bc6 14. d4 Nxc3 15. bxc3 Bd5 16. Qe3 Qa5 17. Bd2 Qa4 18. Rfb1 Bd6 19. Ne5 Rc7 20. h4 Qc2 21. Rc1 Qf5 22. Qe2 f6 23. Ng4 Bc4 24. Qd1 Bd3 25. Ne3 Qf4 26. g3 Qe4 27. Qg4 Ba3 28. Qxe4 Bxe4 29. Re1 Bb2 30. Rad1 Rd8 31. Nc4 Rxc4 32. Rxe4 e5 33. Rb1 Ba3 34. Be3 Bd6 35. f3 f5 36. Bg5 fxe4 37. Bxd8 exf3 38. dxe5 Bxe5 39. Ba5 Bxg3 40. Rd1 Rg4 41. Rd8+ Kf7 42. Kf1 Rxh4 0-1


[Site "https://www.chess.com"]

[Event "Titled Tuesday Blitz May 23 Late 2023"]
[White "Maltsevskaya, Aleksandra"]
[Black "Perez Rodriguez, Jennifer"]
[WhiteFideId "24174041"]
[BlackFideId "3507831"]
[WhiteElo "2302"]
[BlackElo "2116"]
[Result "0-1"]
[Round "02"]
[TimeControl "180+2"]
[Date "2023.05.23"]
[WhiteClock "0:00:12"]
[BlackClock "0:00:22"]

1. e4 e5 2. Nf3 Nc6 3. Bb5 f5 4. d3 fxe4 5. dxe4 Nf6 6. O-O d6 7. c3 Be7 8. Bc4 Bg4 9. Bg5 Qd7 10. Nbd2 Be6 11. Qb3 Bxc4 12. Nxc4 Nd8 13. Rad1 Qe6 14. Be3 Ng4 15. Bc1 h6 16. h3 Nf6 17. Qa4+ Kf7 18. Ne3 Rf8 19. Nh4 g6 20. Qc2 Kg7 21. f4 exf4 22. Rxf4 Nf7 23. Nxg6 Ne5 24. Nxf8 Rxf8 25. Nf5+ Kh7 26. Rdf1 Nh5 27. R4f2 Bg5 28. Bxg5 hxg5 29. Qe2 Nf4 30. Qg4 Nxg4 0-1


[Site "https://www.chess.com"]

[Event "Titled Tuesday Blitz May 23 Late 2023"]
[White "Timmermans, Mark"]
[Black "Lima, Kleyton Alcantara"]
[WhiteFideId "1026399"]
[BlackFideId "22718397"]
[WhiteElo "2460"]
[BlackElo "2009"]
[Result "1/2-1/2"]
[Round "02"]
[TimeControl "180+2"]
[Date "2023.05.23"]
[WhiteClock "0:01:29"]
[BlackClock "0:00:42"]

1. e4 c5 2. Nf3 d6 3. d4 cxd4 4. Nxd4 Nf6 5. Nc3 a6 6. Be3 e5 7. Nb3 Be6 8. f3 h5 9. Qd2 Nbd7 10. Nd5 Bxd5 11. exd5 g6 12. c4 Bg7 13. Be2 O-O 14. O-O b6 15. a4 a5 16. Nc1 Nc5 17. Na2 Nb3 18. Qc2 Nxa1 19. Rxa1 Nd7 20. Nc3 Nc5 21. Nb5 Re8 22. Ra3 Qf6 23. Qd2 Rad8 24. Bg5 Qf5 25. Bxd8 Rxd8 26. Nc3 e4 27. Nxe4 Nxe4 28. fxe4 Qxe4 29. Rf3 Re8 30. Bd3 Qd4+ 31. Kf1 Qxb2 32. Qxb2 Bxb2 33. Rf2 Bd4 34. Re2 Rxe2 35. Kxe2 f5 36. Kf3 Kg7 37. g3 Kf6 38. h3 g5 39. g4 fxg4+ 40. hxg4 h4 41. Ke4 h3 42. Bf1 h2 43. Bg2 Bc5 44. Bh1 Bg1 45. Bg2 Bc5 46. Bh1 Bg1 47. Bg2 Bc5 1/2-1/2


[Site "https://www.chess.com"]

[Event "Titled Tuesday Blitz May 23 Late 2023"]
[White "Simonian, Hrair"]
[Black "ArchibaldCerveza29"]
[WhiteFideId "13302337"]
[WhiteElo "2447"]
[BlackElo "2410"]
[Result "1-0"]
[Round "02"]
[TimeControl "180+2"]
[Date "2023.05.23"]
[WhiteClock "0:00:18"]
[BlackClock "0:00:00"]

1. e4 e5 2. Nf3 Nc6 3. Bb5 g6 4. c3 a6 5. Ba4 Bg7 6. d4 exd4 7. cxd4 b5 8. Bb3 Nge7 9. O-O O-O 10. d5 Na5 11. Bd2 c5 12. Bc3 d6 13. Bxg7 Kxg7 14. Bc2 Ng8 15. Nbd2 Qf6 16. b3 Re8 17. Re1 Bg4 18. h3 Bxf3 19. Nxf3 Rac8 20. Qd2 Nb7 21. a4 c4 22. axb5 axb5 23. b4 Ra8 24. Nd4 Rxa1 25. Rxa1 Rc8 26. Ra7 c3 27. Qe3 Nd8 28. Nxb5 Ne7 29. f4 Kf8 30. Rd7 Rb8 31. Rxd6 Qh4 32. Nxc3 Nb7 33. Rb6 g5 34. fxg5 Ng6 35. Qf2 Qxg5 36. d6 Ne5 37. Bb3 Qd8 38. Rb5 1-0


[Site "https://www.chess.com"]

[Event "Titled Tuesday Blitz May 23 Late 2023"]
[White "Prydun, Andriy"]
[Black "carokannlover213"]
[WhiteFideId "14145898"]
[WhiteElo "2164"]
[BlackElo "2681"]
[Result "0-1"]
[Round "02"]
[TimeControl "180+2"]
[Date "2023.05.23"]
[WhiteClock "0:00:00"]
[BlackClock "0:00:21"]

1. d4 Nf6 2. Nd2 d5 3. Ndf3 c5 4. Ne5 cxd4 5. Ngf3 Nc6 6. Nxc6 bxc6 7. Qxd4 Bf5 8. Bf4 Qb6 9. e3 e6 10. Qxb6 axb6 11. Nd4 Kd7 12. Nxf5 exf5 13. Be2 Bd6 14. Bxd6 Kxd6 15. c3 Rhe8 16. Rf1 Re7 17. Kd2 Ne4+ 18. Kc2 f4 19. a3 fxe3 20. fxe3 Nf6 21. Kd2 Rae8 22. Rf3 Ne4+ 23. Kc2 Ng5 24. Rg3 Rxe3 25. Rxe3 Rxe3 26. Kd2 Re7 27. Rf1 Ne4+ 28. Kd1 f6 29. Bd3 h6 30. Kc2 Nc5 31. Kd2 Re5 32. Bc2 Rg5 33. Rf2 Re5 34. Re2 Rxe2+ 35. Kxe2 Ke5 36. Ke3 Ne6 37. Ba4 c5 38. Bd7 d4+ 39. cxd4+ cxd4+ 40. Kd2 Nf4 41. g3 Nd5 42. Bc8 Ne3 43. b3 Nf1+ 44. Kd3 Nxh2 45. a4 Nf1 46. b4 Nxg3 47. a5 bxa5 48. bxa5 Ne4 49. a6 Nc5+ 50. Kc4 Nxa6 51. Bxa6 Ke4 52. Kb3 Ke3 53. Kc2 h5 54. Bc8 d3+ 55. Kd1 g5 56. Bf5 g4 57. Bg6 g3 58. Bxh5 g2 0-1


[Site "https://www.chess.com"]

[Event "Titled Tuesday Blitz May 23 Late 2023"]
[White "MKlose11"]
[Black "Arnold, Ken"]
[BlackFideId "2056836"]
[WhiteElo "2678"]
[BlackElo "2400"]
[Result "1/2-1/2"]
[Round "02"]
[TimeControl "180+2"]
[Date "2023.05.23"]
[WhiteClock "0:00:04"]
[BlackClock "0:00:08"]

1. e4 c6 2. Nc3 d5 3. g3 Nf6 4. Bg2 dxe4 5. Nxe4 Bf5 6. Qe2 Nxe4 7. Bxe4 Bxe4 8. Qxe4 Qd5 9. d3 Nd7 10. Nf3 Qxe4+ 11. dxe4 Nf6 12. Nd2 e6 13. Ke2 Bb4 14. c3 Bc5 15. Nb3 Bb6 16. f3 O-O-O 17. Bg5 h6 18. Bxf6 gxf6 19. Rad1 h5 20. Rxd8+ Bxd8 21. Nd2 h4 22. g4 Bc7 23. h3 Bf4 24. Nc4 b5 25. Na5 Kc7 26. Rd1 Rg8 27. Nb3 f5 28. exf5 exf5 29. Nd4 fxg4 30. fxg4 Re8+ 31. Kf3 Bg5 32. Nf5 Re6 33. Kf2 a5 34. Rd3 a4 35. b3 axb3 36. axb3 Re8 37. Kf3 Ra8 38. Nd4 Ra2 39. Ke4 Rf2 40. Rf3 Rxf3 41. Nxf3 Bf6 42. c4 bxc4 43. bxc4 Kd6 44. Kf5 Be7 45. Ng5 Kc5 46. Nxf7 Kxc4 47. Ne5+ Kd5 48. Ng6 Bd8 49. g5 c5 50. Nxh4 c4 51. Nf3 c3 52. Ne1 Bb6 53. Nc2 Bd4 54. h4 Kc4 55. h5 Bh8 56. g6 Kd3 57. Na3 Bg7 58. Kg5 Bf8 59. h6 Bxa3 60. g7 c2 61. g8=Q c1=Q+ 62. Kf6 Bb2+ 63. Kf7 Qc4+ 64. Kf8 Ba3+ 65. Kg7 Bb2+ 66. Kh7 Qxg8+ 67. Kxg8 Ke4 68. h7 Kf5 69. h8=Q Bxh8 1/2-1/2


[Site "https://www.chess.com"]

[Event "Titled Tuesday Blitz May 23 Late 2023"]
[White "el_sporco"]
[Black "Zwirs, Nico"]
[BlackFideId "1036432"]
[WhiteElo "2364"]
[BlackElo "2381"]
[Result "0-1"]
[Round "02"]
[TimeControl "180+2"]
[Date "2023.05.23"]
[WhiteClock "0:00:00"]
[BlackClock "0:00:27"]

1. e4 c5 2. Nf3 Nc6 3. Bb5 d6 4. Bxc6+ bxc6 5. O-O e5 6. c3 Nf6 7. d4 Nxe4 8. dxe5 d5 9. Nbd2 Nxd2 10. Bxd2 Be7 11. Qa4 Qb6 12. b4 cxb4 13. cxb4 O-O 14. Rab1 Bf5 15. Be3 Qb7 16. Rbc1 Qxb4 17. Qxb4 Bxb4 18. Rxc6 Rfc8 19. Rfc1 Rxc6 20. Rxc6 a5 21. Nd4 Bb1 22. a4 h6 23. e6 fxe6 24. Nxe6 Re8 25. h3 Be4 26. Bd4 Re7 27. Rc8+ Kf7 28. Nd8+ Kg6 29. Nc6 Rb7 30. Ne5+ Kh7 31. f3 Bf5 32. Rd8 Bc2 33. Nd7 Be7 34. Nf8+ Kg8 35. Rd7 Rb1+ 36. Kh2 Bxf8 37. Rxd5 Rd1 38. Rd8 Bxa4 39. Kg3 Bc6 40. Kf2 Bb5 41. Ke3 a4 42. Rb8 Be8 43. Rxe8 Re1+ 0-1


[Site "https://www.chess.com"]

[Event "Titled Tuesday Blitz May 23 Late 2023"]
[White "Domingo Nunez, Ruben"]
[Black "Onslow, Alfie"]
[WhiteFideId "22245570"]
[BlackFideId "436976"]
[WhiteElo "2404"]
[BlackElo "2114"]
[Result "1-0"]
[Round "02"]
[TimeControl "180+2"]
[Date "2023.05.23"]
[WhiteClock "0:00:42"]
[BlackClock "0:00:03"]

1. c4 c5 2. Nf3 Nf6 3. g3 g6 4. Bg2 d5 5. O-O d4 6. e3 Bg7 7. exd4 cxd4 8. d3 O-O 9. Na3 Nc6 10. Re1 Nd7 11. Bd2 Nc5 12. Bf4 Bf5 13. Bf1 e5 14. Nxe5 Bxe5 15. Bxe5 Nb4 16. Nc2 Nbxd3 17. Nxd4 Nxe1 18. Nxf5 gxf5 19. Qxe1 Nd3 20. Bxd3 Qxd3 21. Bf6 Rfe8 22. Qc1 f4 23. Qxf4 Re6 24. h4 Qg6 25. Bc3 Rae8 26. Rd1 Qe4 27. Qg5+ Rg6 28. Qb5 Qe2 29. Re1 Qxe1+ 30. Bxe1 Rxe1+ 31. Kg2 Re7 32. Qa5 Rge6 33. Qxa7 Kg7 34. a4 f6 35. Qd4 Kf7 36. b3 Re4 37. Qd5+ Kg7 38. a5 Re2 39. b4 Rb2 40. Qc5 Ree2 41. b5 Ra2 42. Kf3 Reb2 43. Qb6 Kg6 44. g4 Rb3+ 45. Kg2 Rbb2 46. Qe3 Rxa5 47. h5+ Kf7 48. Qe4 Raa2 49. Qxh7+ Ke6 50. Qe4+ Kf7 51. Qxb7+ Ke6 52. Qd5+ Ke7 53. Qc5+ Kf7 54. Qc7+ Ke6 55. Qf4 Rc2 56. Qf5+ Ke7 57. b6 Rab2 58. c5 Kf7 59. b7 Rxb7 60. Qd5+ Kf8 61. Qxb7 f5 62. Qc8+ Kg7 63. Qxf5 Kh6 64. Qg6# 1-0


[Site "https://www.chess.com"]

[Event "Titled Tuesday Blitz May 23 Late 2023"]
[White "Celestino, Rafael Teixeira"]
[Black "Camilla_Lee"]
[WhiteFideId "2108925"]
[WhiteElo "2355"]
[BlackElo "2676"]
[Result "0-1"]
[Round "02"]
[TimeControl "180+2"]
[Date "2023.05.23"]
[WhiteClock "0:01:18"]
[BlackClock "0:01:23"]

1. e4 e5 2. Nf3 Nc6 3. Bc4 Nf6 4. Ng5 d5 5. exd5 Nd4 6. Nc3 Bg4 7. f3 Bf5 8. d6 Bxc2 9. Bxf7+ Kd7 10. Be6+ Kc6 11. dxc7 Qxc7 12. Bd5+ Nxd5 13. Nxd5 Kxd5 14. O-O Bxd1 15. Rxd1 Be7 16. Ne4 Ke6 17. b3 Qc2 18. Re1 Rac8 19. f4 Rhf8 20. fxe5 Ne2+ 21. Kh1 Qxe4 0-1


[Site "https://www.chess.com"]

[Event "Titled Tuesday Blitz May 23 Late 2023"]
[White "Godzwon, Iwo"]
[Black "Szente Varga, Fruzsina"]
[WhiteFideId "21802483"]
[BlackFideId "712264"]
[WhiteElo "2284"]
[BlackElo "1994"]
[Result "1-0"]
[Round "02"]
[TimeControl "180+2"]
[Date "2023.05.23"]
[WhiteClock "0:00:56"]
[BlackClock "0:00:29"]

1. e4 c5 2. Nf3 Nc6 3. Bb5 g6 4. Bxc6 dxc6 5. d3 Bg7 6. h3 Nf6 7. Nc3 Nd7 8. Be3 e5 9. O-O b6 10. Qd2 h6 11. b3 Nf8 12. Nh2 Ne6 13. Ne2 Qc7 14. Rae1 Bd7 15. f4 exf4 16. Nxf4 O-O-O 17. Nf3 g5 18. Nh5 Bf8 19. Bf2 Bd6 20. e5 Be7 21. Bg3 Rhg8 22. Nh2 Be8 23. Ng4 Nd4 24. e6 Bd6 25. Bxd6 Rxd6 26. Nhf6 Rf8 27. Nxe8 Rxe8 28. exf7 Rf8 29. Re8+ Rd8 30. Rxd8+ Qxd8 31. Nxh6 Qe7 32. Qf2 Ne2+ 33. Kh1 Nf4 34. g3 Nxh3 35. Qf5+ Qd7 36. Kh2 Kc7 37. Qxd7+ Kxd7 38. Kxh3 1-0


[Site "https://www.chess.com"]

[Event "Titled Tuesday Blitz May 23 Late 2023"]
[White "Kostiukov, Alexandr"]
[Black "Haydon, David L"]
[WhiteFideId "14108100"]
[BlackFideId "415405"]
[WhiteElo "2202"]
[BlackElo "2326"]
[Result "0-1"]
[Round "02"]
[TimeControl "180+2"]
[Date "2023.05.23"]
[WhiteClock "0:00:00"]
[BlackClock "0:00:45"]

1. g3 c6 2. Bg2 d5 3. d3 Nf6 4. e4 e6 5. Qe2 Be7 6. e5 Nfd7 7. Nf3 c5 8. O-O Nc6 9. c4 d4 10. h4 h6 11. h5 Bg5 12. Nxg5 hxg5 13. Bxc6 bxc6 14. Re1 Qe7 15. Nd2 Bb7 16. Ne4 Nxe5 17. Bxg5 f6 18. Bf4 Nf7 19. g4 e5 20. Bd2 Bc8 21. Kg2 f5 22. gxf5 Bxf5 23. Ng3 Qe6 24. Rh1 O-O-O 25. Rae1 Rde8 26. b4 cxb4 27. Bxb4 Kb8 28. Bd2 Ka8 29. Rb1 Rc8 30. f3 g6 31. h6 g5 32. Rh5 Rxh6 33. Rbh1 Rxh5 34. Rxh5 Bg6 35. Rh1 Rg8 36. a4 Bf5 37. a5 g4 38. f4 Bg6 0-1


[Site "https://www.chess.com"]

[Event "Titled Tuesday Blitz May 23 Late 2023"]
[White "Djokic, Mihailo"]
[Black "KVAIDAN"]
[WhiteFideId "976440"]
[WhiteElo "2294"]
[BlackElo "2297"]
[Result "1-0"]
[Round "02"]
[TimeControl "180+2"]
[Date "2023.05.23"]
[WhiteClock "0:01:23"]
[BlackClock "0:01:22"]

1. e4 e5 2. Nf3 d5 3. Nxe5 Bd6 4. d4 dxe4 5. Nc4 Nf6 6. Nc3 O-O 7. Ne3 Nc6 8. Be2 Bb4 9. a3 Bxc3+ 10. bxc3 Nd5 11. Nxd5 Qxd5 12. Bf4 Ne7 13. O-O c6 14. c4 Qf5 15. Bd6 Re8 16. Rb1 Qe6 17. c5 Nf5 18. Be5 Qg6 19. Bh5 Qh6 20. Re1 e3 21. fxe3 Nxe3 22. Qf3 Nf5 23. Bf4 Qe6 24. Rxe6 Bxe6 25. Be5 g6 26. Bg4 Nh4 27. Qf6 Kf8 28. Qxh4 h5 29. Bxe6 Rxe6 30. Rxb7 Rae8 31. Qg5 f6 32. Qh6+ Kg8 33. Qg7# 1-0


[Site "https://www.chess.com"]

[Event "Titled Tuesday Blitz May 23 Late 2023"]
[White "rikchessmx"]
[Black "Chen, Justin"]
[BlackFideId "2098199"]
[WhiteElo "2295"]
[BlackElo "2289"]
[Result "0-1"]
[Round "02"]
[TimeControl "180+2"]
[Date "2023.05.23"]
[WhiteClock "0:00:57"]
[BlackClock "0:00:03"]

1. e4 c5 2. Nf3 d6 3. d4 cxd4 4. Nxd4 Nf6 5. Nc3 Nc6 6. Bc4 e6 7. f3 Be7 8. Bb3 a6 9. Be3 Qc7 10. Qd2 b5 11. O-O Bd7 12. a3 O-O 13. Rac1 Rfc8 14. Nxc6 Bxc6 15. Bf4 a5 16. Rfd1 b4 17. axb4 axb4 18. Ne2 e5 19. Bg5 Bb5 20. Ng3 h6 21. Bxh6 Nh7 22. Be3 g6 23. Qxb4 Qc6 24. Bd5 Qa6 25. Bxa8 Rxa8 26. Ra1 Qxa1 27. Rxa1 Rxa1+ 28. Kf2 Ba6 29. Bh6 Nf6 30. Qb8+ Kh7 31. Bf8 Bxf8 32. Qxf8 Bc4 33. Qxd6 Be6 34. Qxe5 Nd7 35. f4 Nxe5 36. f5 gxf5 37. exf5 Bd7 38. Ke3 Ng4+ 39. Kf4 Nxh2 40. Ne4 Ra2 41. Nf6+ Kg7 42. Nxd7 Rxb2 43. f6+ Kg8 44. c4 Rxg2 45. Ne5 Rc2 46. Ke4 Nf1 47. Kd5 Ne3+ 48. Kd4 Nf5+ 49. Ke4 Nd6+ 50. Kd5 Ne8 51. Nd7 Kh7 52. c5 Kg6 53. c6 Nxf6+ 54. Kd6 Nxd7 55. cxd7 Rd2+ 56. Ke7 f5 0-1


[Site "https://www.chess.com"]

[Event "Titled Tuesday Blitz May 23 Late 2023"]
[White "Ilkhomi, Jaloliddin"]
[Black "Bach, Matthias"]
[WhiteFideId "14700948"]
[BlackFideId "4603168"]
[WhiteElo "2045"]
[BlackElo "2130"]
[Result "1-0"]
[Round "02"]
[TimeControl "180+2"]
[Date "2023.05.23"]
[WhiteClock "0:01:09"]
[BlackClock "0:00:04"]

1. d4 Nf6 2. Nf3 c5 3. c3 b6 4. Bf4 d6 5. Nbd2 g6 6. h3 Bg7 7. e3 O-O 8. Bd3 Ba6 9. Bxa6 Nxa6 10. O-O Nc7 11. Re1 Nd7 12. Bh2 b5 13. Qe2 Rb8 14. Rac1 a5 15. e4 e5 16. dxe5 dxe5 17. Red1 Qe7 18. Nf1 c4 19. Ne3 Nc5 20. Nd5 Nxd5 21. Rxd5 Nd3 22. Rd1 f6 23. Ne1 Nc5 24. Qe3 Rbc8 25. Bg3 Rfe8 26. Bh4 Bf8 27. Qf3 Rc6 28. Qe3 Qe6 29. Nf3 h5 30. Bg3 Rec8 31. Nh4 Kh7 32. Nf3 Bh6 33. Qe2 Nd3 34. Ne1 Nc5 35. f3 R8c7 36. Bf2 Bf8 37. Qd2 b4 38. Kh2 Na4 39. Rxa5 Rd6 40. Rd5 Rxd5 41. exd5 Qd6 42. cxb4 Qxb4 43. d6 Qxd2 44. Rxd2 Rd7 45. b3 c3 46. Rc2 Nb2 47. Rxc3 Nd1 48. Rc2 Nxf2 49. Rxf2 Rxd6 50. Nc2 Rd1 51. b4 Bd6 52. g3 f5 53. Kg2 g5 54. a4 e4 55. fxe4 fxe4 56. Re2 Rd3 57. Ne3 Bxb4 58. Nf5 Kg6 59. Rxe4 Rd2+ 60. Kf3 Kxf5 61. g4+ hxg4+ 62. hxg4+ Kf6 63. Rxb4 Ra2 64. Ke4 Re2+ 65. Kd5 Rd2+ 66. Rd4 Ra2 67. Re4 Rc2 68. Rc4 Ra2 69. Kd6 Rd2+ 70. Kc5 Ke5 71. a5 Ra2 72. Kb6 Kd5 73. Rb4 Re2 74. a6 Re6+ 75. Ka5 Kc5 76. Rb5+ Kc4 77. a7 Re1 78. Rxg5 Ra1+ 79. Kb6 Rb1+ 80. Ka6 Ra1+ 81. Ra5 1-0


[Site "https://www.chess.com"]